 Dungeon Crawl Stone Soup version 0.20-a0-493-g19c8d8d (webtiles) character file.

118453 kidcy the Fighter (level 16, -4/134 HPs)
             Began as a Formicid Fighter on Jan 16, 2017.
             Was the Champion of Ashenzari.
             Killed by angry trees
             ... awakened by a spriggan druid
              (11 damage)
             ... on level 2 of the Swamp.
             The game lasted 01:43:05 (28018 turns).

kidcy the Fighter (Formicid Fighter)               Turns: 28018, Time: 01:43:05

Health: -4/134     AC: 26    Str: 22    XL:     16   Next: 95%
Magic:  0/25       EV: 14    Int:  9    God:    Ashenzari [******]
Gold:   1252       SH: 12    Dex: 15    Spells: 9/28 levels left

rFire    + . .     SeeInvis +   a - +3 quarterstaff (elec)
rCold    + + .     Gourm    .   b - +4 chain mail {rPois} (curse)
rNeg     . . .     Faith    .   c - +0 shield (curse)
rPois    +         Spirit   +   (helmet unavailable)
rElec    +         Reflect  .   J - +1 cloak {rC+} (curse)
rCorr    .         Harm     .   p - +0 pair of gloves (curse)
MR       ++...     Clarity  +   n - +1 pair of boots (curse)
Stlth    ..........             N - amulet of Myniriuchi {Spirit rElec} (curse)
Regen    0.8/turn               U - ring of protection from fire (curse)
                                e - ring of protection from cold (curse)

@: no status effects
A: permanent stasis, dig shafts and tunnels, four strong arms, antennae 3, magic
resistance 1, sense surroundings 1, regeneration 1
}: 1/15 runes: decaying
a: Dig, Shaft Self, Curse Item, Scrying, Transfer Knowledge, Renounce Religion


You were on level 2 of the Swamp.
You worshipped Ashenzari.
Ashenzari was exalted by your worship.
You were hungry.

You visited 4 branches of the dungeon, and saw 24 of its levels.
You also visited: Ice Cave.

You collected 2889 gold pieces.
You spent 1637 gold pieces at shops.

Inventory:

Hand Weapons
 a - a +3 quarterstaff of electrocution (weapon)
 g - a +1 lajatang of draining
Armour
 b - a cursed +4 chain mail of poison resistance (worn)
 c - a cursed +0 shield (worn)
 k - +0 swamp dragon scales
 n - a cursed +1 pair of boots (worn)
 p - a cursed +0 pair of gloves (worn)
 y - +0 acid dragon scales
 E - a +0 large shield
 J - a cursed +1 cloak of cold resistance (worn)
Jewellery
 e - a cursed ring of protection from cold (left hand)
 G - an uncursed amulet of guardian spirit
 N - the cursed amulet of Myniriuchi (around neck) {Spirit rElec}
   (You acquired it on level 2 of the Lair of Beasts)

   [amulet of guardian spirit]

   It causes incoming damage to be split between your health and magic.
   It insulates you from electricity.
   It has a curse placed upon it.
 U - a cursed ring of protection from fire (right hand)
Wands
 h - a wand of paralysis (0/24)
 i - a wand of iceblast (3/15)
 v - a wand of scattershot (0/9)
 F - a wand of random effects (38/48)
 K - a wand of confusion (13/48)
 L - a wand of flame (28/48)
Scrolls
 f - a scroll of magic mapping
 j - 9 scrolls of identify
 s - a scroll of recharging
 u - a scroll of summoning
 B - a scroll of remove curse
 O - 2 scrolls of enchant armour
Potions
 d - 3 potions of agility
 o - a potion of flight
 r - 3 potions of lignification
 t - a potion of might
 D - 2 potions of brilliance
 I - a potion of magic
Books
 x - a book of Geomancy

   Spells                             Type                      Level
   a - Sandblast                      Earth                        1
   b - Passwall                       Transmutation/Earth          2
   c - Stone Arrow                    Conjuration/Earth            3
   d - Petrify                        Transmutation/Earth          4
   e - Lee's Rapid Deconstruction     Earth                        5
 A - a book of Spatial Translocations

   Spells                             Type                      Level
   a - Blink                          Translocation                2
   b - Shroud of Golubria             Charms/Translocation         2
   c - Lesser Beckoning               Translocation                3
   d - Portal Projectile              Translocation                3
   e - Teleport Other                 Translocation                3
   f - Passage of Golubria            Translocation                4
Miscellaneous
 H - a lamp of fire (inert)
Comestibles
 l - 7 meat rations
 m - 35 fruits
 q - 6 beef jerkies
 w - 2 royal jellies
 z - 2 slices of pizza
 W - 4 bread rations


   Skills:
 + Level 14.9 Fighting
 - Level 13.0 Staves
 - Level 13.2(18.6) Armour
 - Level 8.8 Dodging
 - Level 7.3(10.4) Shields
 - Level 6.6 Spellcasting
 - Level 4.0(8.2) Charms
 * Level 5.4(9.9) Summonings
 - Level 7.7(12.2) Necromancy
 - Level 7.6(12.1) Translocations
 - Level 4.7(9.1) Evocations


You had 9 spell levels left.
You knew the following spells:

 Your Spells              Type           Power        Failure   Level  Hunger
a - Animate Skeleton      Necr           N/A          1%          1    None
b - Regeneration          Chrm/Necr      ###.......   4%          3    ###....
c - Animate Dead          Necr           N/A          8%          4    ####...
d - Shadow Creatures      Summ           N/A          99%         6    #######
e - Apportation           Tloc           ###...       1%          1    None
f - Passage of Golubria   Tloc           N/A          8%          4    ####...


Dungeon Overview and Level Annotations

Branches:
Dungeon (12/15)            Temple (0/1) D:6            Lair (6/6) D:10
  Swamp (4/4) Lair:2        Snake (0/4) Lair:2        Slime (0/5) Lair:5
    Orc (2/2) D:9             Elf (0/3) Orc:2

Altars:
Ashenzari
Elyvilon
Fedhas
Gozag
Hepliaklqana
Makhleb
Sif Muna
Trog
The Shining One

Shops:
D:4 *   Orc:2 }:?(

Annotations:
D:8 2 exclusions
D:10 exclusion: ice statue
D:12 Gastronok


Innate Abilities, Weirdness & Mutations

You cannot be hasted, slowed, berserked, paralysed or teleported.
You can dig through walls and to a lower floor.
Your four strong arms can wield two-handed weapons with a shield.
You have a pair of large antennae on your head. (SInv)
You are resistant to hostile enchantments. (MR+)
You passively map a small area around you.
Your natural rate of healing is unusually fast.


Message History

You enter the passage of Golubria.
You hear a shout!
Casting: Passage of Golubria
Confirm with . or Enter, or press ? or * to list all spells.
You don't have enough magic to cast that spell.
You enter the shallow water.
Moving in this stuff is going to be slow.
You block the spriggan berserker's attack.
The spriggan berserker rages.
The hog bites you.
* * * LOW HITPOINT WARNING * * *
The spriggan berserker hits you with a hand axe!
* * * LOW HITPOINT WARNING * * *
The spriggan druid casts a spell.
The forest starts to sway and rumble!
Okay, then.
You can't shaft yourself on this terrain.
The spriggan berserker is no longer berserk.
A tree reaches out but misses you. A root smacks you from below.
You die...

♣≈≈≈.♣....≈≈≈.♣
♣♣≈≈≈♣♣.≈≈≈≈≈≈♣
♣♣≈≈♣♣≈≈≈§≈.♣♣
♣♣≈≈♣♣.♣≈≈≈≈♣
♣≈≈.♣♣.♣≈≈≈.♣
♣≈≈♣♣♣.≈≈≈≈≈♣
♣≈≈♣ ♣≈≈≈≈≈.♣
♣≈§♣ *.{≈≈≈≈♣
♣♣≈@♣ ** ,≈≈
♣≈h≈♣ * *
♣♣≈i♣♣ * ≈≈ **
♣ ♣§§§♣ *∆ , ♣
♣♣i§♣♣ , ,> ♣♣
♣§{{♣ ≈ ♣≈
♣♣§§♣♣ * ♣≈
♣§§{♣* ≈,,* *♣≈
♣§§§e♣ ** ,,**
♣.≈


You could see a spriggan berserker, a spriggan druid and a hog.

Vanquished Creatures
  3 thorn hunters
  Louise (Swamp:3)
  Aizul (Lair:2)
  The ghost of RogueShenanigans the Archer, a journeyman CeHu of Okawaru (Lair:6)
  A dire elephant (Lair:4)
  Snorg (Lair:3)
  A catoblepas (Lair:4)
  15 hydras
  A death yak (Lair:4)
  A ghost crab (Swamp:3)
  3 two-headed ogres
  The ghost of Graouh the Carver, a novice MiFi of Okawaru (D:10)
  A tengu warrior (D:12)
  12 alligators
  6 orc high priests
  Nergalle (Lair:1)
  4 spriggan druids
  14 swamp dragons
  10 orc knights
  2 lindwurms (Swamp:4)
  2 shambling mangroves
  An orc sorcerer (Orc:1)
  The ghost of azzavlup the Carver, a novice TeBe of Trog (D:6)
  2 elephants
  Joseph (D:10)
  Maurice (D:9)
  An ice statue (IceCv)
  4 black mambas
  A gargoyle (D:11)
  16 spiny frogs
  A rime drake (Lair:4)
  7 komodo dragons
  10 freezing wraiths (IceCv)
  4 trolls
  7 polar bears
  The ghost of kidcy the Slasher, an amateur FoFi of Ashenzari (D:5)
  17 hornets
  6 tyrant leeches
  4 slime creatures (Swamp:4)
  10 blink frogs
  5 bog bodies
  8 hippogriffs
  20 spriggans
  20 yaks
  2 shadows
  2 wyverns
  A vampire (D:12)
  3 hungry ghosts
  9 vampire mosquitoes
  2 basilisks
  2 nagas (Lair:2)
  3 wargs
  2 soldier ants
  12 swamp worms
  An acid dragon (D:11)
  5 insubstantial wisps (Swamp:3)
  9 porcupines
  25 orc warriors
  12 water moccasins
  An eye of draining (D:10)
  7 ice beasts
  11 swamp drakes
  4 black bears
  2 phantoms (D:8)
  2 sky beasts
  4 boggarts (Lair:6)
  2 necrophages
  14 ogres
  9 centaurs
  14 crocodiles
  27 wolves
  3 big kobolds
  13 bullfrogs
  5 scorpions
  5 killer bees (D:10)
  An electric eel (Lair:3)
  2 howler monkeys
  2 bullfrog zombies
  2 draconian simulacra (IceCv)
  4 crimson imps
  A quasit (D:9)
  2 centaur zombies
  4 hounds
  24 orc wizards
  30 orc priests
  16 jellies
  A centaur skeleton (D:6)
  A bullfrog skeleton (D:8)
  Natasha (thrice) (D:2)
  Terence (D:3)
  5 iguanas
  3 polar bear simulacra (IceCv)
  A troll simulacrum (IceCv)
  6 worker ants
  A wolf simulacrum (IceCv)
  2 centaur simulacra (IceCv)
  A hound zombie (D:8)
  4 hound skeletons
  3 howler monkey zombies
  A worker ant zombie (D:11)
  4 gnolls
  15 adders
  3 naga simulacra (IceCv)
  An ogre simulacrum (IceCv)
  3 shadow imps
  12 white imps (IceCv)
  2 oozes
  2 worms
  A dart slug (D:1)
  4 leopard geckos
  95 orcs
  4 bats
  14 goblins
  9 hobgoblins
  7 jackals
  23 kobolds
  8 quokkas
  5 frilled lizards
  A leopard gecko skeleton (D:6)
  10 rats
787 creatures vanquished.

Vanquished Creatures (others)
  A thorn hunter (Swamp:3)
  An orc (D:11)
  13 fungi
  7 plants
  9 toadstools (Lair:4)
31 creatures vanquished.

Grand Total: 818 creatures vanquished

Notes
Turn   | Place    | Note
-------+----------+-------------------------------------------
     0 | D:1      | kidcy the Formicid Fighter began the quest for the Orb.
     0 | D:1      | Reached XP level 1. HP: 18/18 MP: 1/1
   135 | D:1      | Reached XP level 2. HP: 17/24 MP: 2/2
   931 | D:2      | Noticed Natasha
   943 | D:2      | HP: 1/25 [Natasha/magic dart (7)]
   944 | D:2      | Gained mutation: Your natural rate of healing is unusually fast. [potion of mutation]
   944 | D:2      | Gained mutation: You passively map a small area around you. [potion of mutation]
   944 | D:2      | Gained mutation: You are resistant to hostile enchantments. (MR+) [potion of mutation]
   945 | D:2      | Killed Natasha
   945 | D:2      | Reached XP level 3. HP: 1/30 MP: 3/3
  1203 | D:2      | Reached skill level 4 in Fighting
  1203 | D:2      | Reached XP level 4. HP: 31/37 MP: 4/4
  1368 | D:2      | Noticed Natasha
  1373 | D:2      | Killed Natasha
  1947 | D:3      | Noticed Terence
  1955 | D:2      | Reached XP level 5. HP: 42/42 MP: 5/5
  1984 | D:2      | Noticed Natasha
  1990 | D:2      | Killed Natasha
  2222 | D:3      | Killed Terence
  2222 | D:3      | Reached XP level 6. HP: 39/49 MP: 6/6
  3430 | D:4      | Found Dail's General Store.
  3449 | D:4      | Bought a scroll of remove curse for 39 gold pieces
  3449 | D:4      | Bought a scroll of identify for 26 gold pieces
  3531 | D:4      | Noticed an ogre
  3534 | D:4      | Reached skill level 5 in Staves
  3534 | D:4      | Reached skill level 5 in Armour
  3534 | D:4      | Reached XP level 7. HP: 55/55 MP: 7/7
  3557 | D:4      | Reached skill level 5 in Fighting
  3982 | D:5      | Entered Level 5 of the Dungeon
  3982 | D:5      | Found a shattered altar of Ashenzari.
  4078 | D:5      | Became a worshipper of Ashenzari the Shackled
  4267 | D:5      | Reached XP level 8. HP: 59/63 MP: 8/8
  4272 | D:5      | Found a white marble altar of Elyvilon.
  4622 | D:5      | Noticed kidcy's ghost (amateur FoFi)
  4633 | D:5      | Killed kidcy's ghost
  4633 | D:5      | Reached skill level 6 in Fighting
  5062 | D:6      | Noticed azzavlup's ghost (novice TeBe)
  5066 | D:6      | Killed azzavlup's ghost
  5066 | D:6      | Reached XP level 9. HP: 63/71 MP: 9/9
  5176 | D:6      | Reached skill level 7 in Fighting
  5409 | D:6      | Found a staircase to the Ecumenical Temple.
  5690 | D:6      | Reached * piety under Ashenzari
  6584 | D:7      | Reached ** piety under Ashenzari
  6939 | D:8      | Noticed a two-headed ogre
  6946 | D:8      | Killed a two-headed ogre
  6946 | D:8      | Reached skill level 8 in Fighting
  6946 | D:8      | Reached XP level 10. HP: 80/80 MP: 10/10
  7025 | D:8      | Reached skill level 10 in Staves
  8750 | D:8      | Found a deep blue altar of Sif Muna.
  8800 | D:8      | Noticed a two-headed ogre
  8820 | D:8      | You fall through a shaft for 2 floors!
  8820 | D:10     | Entered Level 10 of the Dungeon
  8896 | D:10     | Noticed Graouh's ghost (novice MiFi)
  8960 | D:10     | Killed Graouh's ghost
  8960 | D:10     | Reached skill level 9 in Fighting
  9068 | D:10     | Noticed Joseph
  9081 | D:10     | Killed Joseph
  9081 | D:10     | Reached XP level 11. HP: 42/89 MP: 11/11
  9172 | D:10     | Found a staircase to the Lair.
  9209 | D:9      | You fall through a shaft for 2 floors!
  9359 | D:11     | Noticed a cyclops
  9507 | D:10     | You fall through a shaft!
  9522 | D:10     | Noticed a seven-headed hydra
  9877 | D:12     | Noticed a tengu warrior
  9917 | D:12     | Killed a tengu warrior
 10280 | D:12     | Noticed Gastronok
 10370 | D:12     | Reached skill level 10 in Armour
 10670 | D:12     | Noticed a two-headed ogre
 10678 | D:12     | Killed a two-headed ogre
 10678 | D:12     | Reached skill level 1 in Dodging
 11028 | D:11     | Reached skill level 10 in Fighting
 11179 | D:9      | Found a staircase to the Orcish Mines.
 11184 | D:9      | Reached skill level 5 in Shields
 11299 | D:9      | Found a bloodstained altar of Trog.
 11469 | D:8      | Killed a two-headed ogre
 11824 | D:9      | Noticed Maurice
 11840 | D:9      | Killed Maurice
 11840 | D:9      | Reached XP level 12. HP: 75/97 MP: 12/12
 11907 | D:9      | Found a burning altar of Makhleb.
 11927 | D:9      | Found a glowing golden altar of the Shining One.
 11927 | D:9      | Found a blossoming altar of Fedhas.
 12037 | D:9      | Found a hazy altar of Hepliaklqana.
 12133 | D:10     | Killed a seven-headed hydra
 12802 | D:10     | Reached *** piety under Ashenzari
 13081 | Lair:1   | Entered Level 1 of the Lair of Beasts
 13147 | Lair:1   | Found a labyrinth entrance.
 13196 | Lair:1   | Found a frozen archway.
 13208 | IceCv    | Entered an ice cave
 13837 | IceCv    | Reached skill level 11 in Fighting
 13916 | IceCv    | Found an ancient bone altar of Kikubaaqudgha.
 14594 | Lair:1   | Reached skill level 5 in Dodging
 14648 | Lair:1   | Noticed Nergalle
 14664 | Lair:1   | Killed Nergalle
 14671 | Lair:1   | Reached XP level 13. HP: 74/106 MP: 13/13
 15357 | Lair:2   | Found a staircase to the Snake Pit.
 15477 | Lair:2   | Identified a scroll of acquirement
 15477 | Lair:2   | Identified the cursed amulet of Myniriuchi {Spirit rElec} (You acquired it on level 2 of the Lair of Beasts)
 15695 | Lair:2   | Reached **** piety under Ashenzari
 15764 | Lair:2   | Found a staircase to the Swamp.
 16152 | Lair:3   | Learned a level 1 spell: Animate Skeleton
 16156 | Lair:3   | Learned a level 3 spell: Regeneration
 16205 | Lair:3   | Reached skill level 1 in Necromancy
 16377 | Lair:3   | Reached skill level 1 in Spellcasting
 16943 | Lair:4   | Noticed Snorg
 16993 | Lair:3   | Killed Snorg
 17097 | Lair:4   | Reached ***** piety under Ashenzari
 17401 | Lair:4   | Noticed an eight-headed hydra
 17410 | Lair:4   | Killed an eight-headed hydra
 17434 | Lair:4   | Reached skill level 12 in Fighting
 17475 | Lair:4   | Found a runed door.
 17491 | Lair:4   | Noticed a catoblepas
 17492 | Lair:4   | Noticed a dire elephant
 18319 | Lair:5   | Found a staircase to the Slime Pits.
 18547 | Lair:5   | Reached XP level 14. HP: 114/115 MP: 17/19
 18858 | Lair:5   | Reached skill level 5 in Necromancy
 19076 | Lair:6   | Entered Level 6 of the Lair of Beasts
 19076 | Lair:6   | Noticed RogueShenanigans's ghost (journeyman CeHu)
 19241 | Lair:6   | Killed RogueShenanigans's ghost
 20094 | Lair:6   | Reached ****** piety under Ashenzari
 20226 | Lair:6   | Reached skill level 5 in Spellcasting
 20274 | Lair:6   | Learned a level 4 spell: Animate Dead
 20378 | Lair:6   | Reached skill level 1 in Charms
 20772 | Orc:1    | Entered Level 1 of the Orcish Mines
 21207 | Orc:2    | Entered Level 2 of the Orcish Mines
 21476 | Orc:2    | Found a staircase to the Elven Halls.
 22192 | Orc:1    | Reached XP level 15. HP: 87/122 MP: 16/23
 22259 | Orc:2    | Learned a level 6 spell: Shadow Creatures
 22443 | Orc:1    | Reached skill level 13 in Fighting
 22878 | Orc:2    | Found Ireqi's Weapon Emporium.
 22881 | Orc:2    | Found Deckio's Gadget Emporium.
 22882 | Orc:2    | Found Mujono's Magic Scroll Emporium.
 22883 | Orc:2    | Found Assog's Book Shoppe.
 22886 | Orc:2    | Bought a scroll of summoning for 152 gold pieces
 22886 | Orc:2    | Bought a scroll of remove curse for 48 gold pieces
 22886 | Orc:2    | Bought a scroll of remove curse for 48 gold pieces
 22886 | Orc:2    | Bought a scroll of fear for 56 gold pieces
 22886 | Orc:2    | Bought a scroll of remove curse for 48 gold pieces
 22887 | Orc:2    | Bought a lamp of fire for 560 gold pieces
 22902 | Orc:2    | Bought a book of Cantrips for 340 gold pieces
 22905 | Orc:2    | Learned a level 1 spell: Apportation
 23210 | Swamp:1  | Entered Level 1 of the Swamp
 23229 | Swamp:1  | Reached skill level 1 in Evocations
 23246 | Swamp:1  | Noticed Aizul
 23274 | Lair:2   | You fall through a shaft!
 23708 | Lair:4   | Reached skill level 1 in Translocations
 23978 | Lair:4   | You fall through a shaft for 2 floors!
 24256 | Orc:2    | Bought a scroll of brand weapon for 320 gold pieces
 24527 | Lair:2   | Killed Aizul
 25147 | Swamp:3  | Learned a level 4 spell: Passage of Golubria
 25384 | Swamp:3  | Noticed Louise
 25394 | Swamp:3  | Killed Louise
 25487 | Swamp:4  | Entered Level 4 of the Swamp
 25487 | Swamp:4  | Noticed a thorn hunter
 25487 | Swamp:4  | Noticed a thorn hunter
 25508 | Swamp:3  | Killed a thorn hunter
 25508 | Swamp:3  | Reached skill level 5 in Translocations
 25737 | Swamp:3  | Reached XP level 16. HP: 114/132 MP: 21/25
 25793 | Swamp:3  | Killed a thorn hunter
 25793 | Swamp:3  | Reached skill level 14 in Fighting
 26801 | Swamp:4  | Noticed a thorn hunter
 26823 | Swamp:4  | Killed a thorn hunter
 27061 | Swamp:4  | Got a decaying rune of Zot
 27178 | Swamp:4  | Reached skill level 1 in Summonings
 27623 | Swamp:2  | Found an opulent altar of Gozag.
 27785 | Swamp:2  | Noticed a thorn hunter
 27818 | Swamp:2  | Killed a thorn hunter
 27957 | Swamp:2  | Reached skill level 5 in Summonings
 28017 | Swamp:2  | HP: 5/134 [spriggan berserker/hand axe (15)]
 28018 | Swamp:2  | Killed from afar by a spriggan druid

Vault maps used:
D:1:      shiori_shiawase
D:2:      uniq_natasha
D:3:      kennysheep_goblin_castle, first_bread, uniq_terence
D:4:      serial_shops, shop, minivault_24
D:5:      old_standard_altar, ashenzari_conservatory_becter
D:8:      nicolae_whirlpool, kennysheep_mini_moat, serial_corexii_hall,
          corexii_hall_statues_i, corexii_hall_statues_x
D:9:      lemuel_coloured_pillars_altar, kennysheep_mini,
          grunt_temple_overflow_open, david_orc_3, uniq_maurice
D:10:     cheibrodos_frozen_isle, grunt_lair_entry_orc_guard_hut, uniq_joseph
D:11:     minmay_glassy_protrusions
D:12:     grunt_tengu_nest, uniq_gastronok
Lair:1:   lab_entry_generic, portal_ice_cave_entry_pillars_1, uniq_nergalle
Lair:2:   minmay_swamp_entry_reptiles, guppyfry_snake_entry_garden,
          grunt_megastairs_3
Lair:3:   beast_lair_carwin_3, grunt_megastairs_5, lemuel_fruit_fields,
          serial_bayou_shore_a
Lair:4:   gammafunk_lair_enchanted_lake, lemuel_fruit_tree,
          infiniplex_staircase_pool_2, uniq_snorg
Lair:5:   minmay_slime_entry_jelly_boxes
Lair:6:   minmay_lair_end_enchanted_forest
Swamp:1:  evilmike_swamp_ruin_wall, uniq_aizul, uniq_roxanne
Swamp:2:  cheibrodos_swamp_heart_of_darkness, basic_altar,
          infiniplex_staircase_pool, uniq_kirke
Swamp:3:  evilmike_swamp_ruin_house_6, uniq_louise
Swamp:4:  swamp_alternative
Orc:2:    st_orc_pillars
IceCv:    ice_cave_small_necro

Skill      XL: |  1  2  3  4  5  6  7  8  9 10 11 12 13 14 15 16 |
---------------+-------------------------------------------------+-----
Staves         | 3 4 5 6 7 9 11 12 13 | 13.0
Fighting       | 4 5 6 8 9 10 11 12 13 14 | 14.9
Armour         | 4 5 6 8 9 10 11 12 13 | 13.2
Dodging        | 3 5 6 8 |  8.8
Shields        | 5 7 |  7.3
Necromancy     | 4 7 |  7.7
Spellcasting   | 3 5 6 |  6.6
Charms         | 3 4 |  4.0
Evocations     | 4 |  4.7
Translocations | 5 7 |  7.6
Summonings     | 5 |  5.4

Action                   |  1- 3 |  4- 6 |  7- 9 | 10-12 | 13-15 | 16-18 || total
-------------------------+-------+-------+-------+-------+-------+-------++-------
Melee: Quarterstaff      |    60 |   225 |    70 |   610 |  1267 |   525 ||  2757
       Falchion          |       |       |   229 |   197 |       |       ||   426
       Lajatang          |       |       |       |       |   269 |    56 ||   325
 Fire: Hunting sling     |       |     6 |       |       |       |       ||     6
Throw: Javelin           |       |       |     2 |       |       |       ||     2
 Cast: Animate Dead      |       |       |       |       |     5 |       ||     5
       Apportation       |       |       |       |       |       |     1 ||     1
       Passage of Golubr |       |       |       |       |       |     1 ||     1
Invok: Curse Item        |       |       |     4 |     2 |     4 |       ||    10
       Scrying           |       |       |     1 |     6 |     3 |     1 ||    11
 Abil: Dig               |       |     4 |     6 |    24 |    12 |       ||    46
       Shaft Self        |       |       |       |     3 |     2 |       ||     5
Evoke: Wand              |       |       |     7 |    25 |     6 |     6 ||    44
       Lamp of fire      |       |       |       |       |       |     1 ||     1
       Phantom mirror    |       |       |       |       |       |     1 ||     1
  Use: Potion            |     3 |       |     1 |     4 |     4 |     6 ||    18
       Scroll            |       |     7 |     4 |    14 |     6 |     5 ||    36
 Stab: Confused          |       |       |       |       |     1 |     1 ||     2
       Invisible         |       |       |       |       |       |     2 ||     2
  Eat: Chunk             |     1 |     8 |    12 |    11 |    11 |     2 ||    45
       Bread ration      |       |       |     1 |     8 |     2 |       ||    11
       Meat ration       |       |       |       |       |     4 |     1 ||     5
       Fruit             |       |       |       |       |     4 |       ||     4
Armor: Scale mail        |    24 |    96 |   125 |   173 |       |       ||   418
       Plate armour      |       |       |       |   204 |   237 |       ||   441
       Chain mail        |       |       |       |       |   345 |   447 ||   792
Dodge: Dodged            |    14 |    70 |   102 |   245 |   555 |   413 ||  1399
Block: Shield            |    31 |   109 |   161 |   475 |   757 |   458 ||  1991
       Rpst.: Falchion   |       |       |    24 |    22 |       |       ||    46
